Map: 엔디온 잔해

Players

llllllllllll (Scarlett)

  • Race: Zerg Zerg
  • League: Grandmaster

Stork - Winner!

  • Race: Protoss Protoss
  • League: Grandmaster

VOD

Have the link to the VOD?

Description

Time

  • Played on: April 10, 2016, 3:47 a.m.
  • Length: 9:23
Show
View Real Time Build Order
Export as new Build Order

llllllllllll Zerg 

Build Orders: Hatch First 

Get SALT Encoding   

  12  0:01  Drone  
  13  0:08  Drone  
  14  0:17  Overlord  
  14  0:23  Extractor  
  14  0:24  Drone  
  15  0:36  Drone x2  
  17  0:52  Hatchery  
  17  0:55  Drone  
  17  0:58  Drone  
  18  1:11  Spawning Pool  
  17  1:14  Extractor  
  17  1:16  Drone  
  17  1:20  Drone  
  18  1:29  Drone  
  19  1:38  Drone  
  20  1:51  Drone  
  21  1:56  Hatchery  
  21  1:58  Queen  
  22  2:05  Zergling x2  
  22  2:07  Drone  
  24  2:17  Metabolic Boost  
  24  2:19  Drone x2  
  26  2:25  Overlord  
  26  2:26  Drone  
  27  2:35  Drone  
  28  2:42  Queen  
  28  2:44  Queen  
  30  2:47  Overlord  
  32  2:56  Overlord, Drone  
  33  3:00  Drone  
  33  3:02  Overlord  
  33  3:03  Drone  
  35  3:09  Zergling x2  
  35  3:10  Zergling x2  
  35  3:12  Drone x2  
  39  3:23  Drone x4  
  43  3:28  Queen  
  43  3:30  Zergling x4  
  46  3:45  Overlord, Drone x3  
  49  3:55  Zergling x6  
  52  3:58  Zergling x4  
  52  3:59  Zergling x6  
  52  4:00  Drone  
  52  4:02  Queen  
  58  4:04  Queen  
  58  4:09  Spore Crawler  
  61  4:11  Spore Crawler  
  61  4:16  Drone x2  
  61  4:17  Drone  
  63  4:21  Drone x3  
  66  4:24  Lair  
  66  4:27  Drone x2  
  68  4:33  Drone x2  
  68  4:34  Drone x2  
  68  4:36  Drone  
  73  4:43  Spore Crawler  
  73  4:44  Drone  
  74  4:46  Overlord x2  
  74  4:50  Baneling Nest  
  74  4:51  Extractor x2  
  74  4:52  Extractor  
  70  4:56  Overlord, Drone x3  
  70  4:57  Overlord  
  73  5:07  Drone  
  73  5:08  Drone x7  
  78  5:27  Hydralisk Den  
  78  5:28  Drone x7  
  78  5:29  Drone x3  
  78  5:33  Spore Crawler  
  86  5:40  Baneling x4  
  86  5:41  Baneling  
  85  5:44  Extractor x2  
  85  5:45  Zergling x2  
  85  5:46  Zergling x18  
  89  6:05  Zergling x2  
  89  6:06  Zergling x12  
  95  6:17  Zergling x10  
  90  6:20  Baneling x2  
  90  6:25  Zergling x4  
  83  6:28  Baneling x7  
  79  6:37  Zergling x2  
  79  6:38  Zergling x16  
  79  6:39  Queen x2  
  88  6:42  Zergling x2  
  88  6:43  Queen  
  88  6:44  Hydralisk  
  88  6:45  Hydralisk x2  
  88  6:49  Spore Crawler  
  83  6:59  Zergling x18  
  87  7:04  Zergling x2  
  82  7:11  Hydralisk x3, Baneling x2  
  82  7:12  Hydralisk, Zergling x2  
  82  7:13  Zergling x2  
  82  7:14  Queen x2  
  96  7:19  Queen  
  96  7:23  Baneling x7  
  96  7:26  Zergling x2  
  96  7:27  Zergling x10  
  90  7:38  Hydralisk x5  
  91  7:48  Hydralisk x3  
  91  7:50  Queen  
  93  7:58  Baneling x8  
  89  8:01  Hydralisk  
  89  8:02  Zergling x4  
  91  8:06  Zergling x6  
  91  8:08  Baneling x3  
  91  8:10  Zergling x2  
  95  8:21  Zergling x8  
  88  8:37  Hydralisk x4  
  88  8:38  Zergling x10  
  92  8:41  Hydralisk  
  92  8:42  Zergling x2  
  92  8:44  Baneling x2  
  92  8:45  Baneling  
  92  8:46  Baneling  
  92  8:47  Zergling x2  
  96  9:01  Zergling x8  
Show
View Real Time Build Order
Export as new Build Order

Stork Protoss - Winner!

Build Orders: Nexus First, Phoenix Opening 

Get SALT Encoding   

  12  0:00  Probe (Chrono Boost)  
  13  0:11  Probe (Chrono Boost)  
  14  0:19  Pylon  
  14  0:22  Probe (Chrono Boost)  
  15  0:37  Probe (Chrono Boost)  
  16  0:48  Probe (Chrono Boost)  
  17  0:58  Probe (Chrono Boost)  
  17  1:02  Nexus  
  18  1:11  Gateway  
  18  1:13  Probe (Chrono Boost)  
  19  1:19  Assimilator  
  19  1:24  Probe (Chrono Boost)  
  20  1:26  Assimilator  
  20  1:35  Probe (Chrono Boost)  
  20  1:38  Pylon  
  21  1:45  Probe (Chrono Boost)  
  22  1:56  Probe (Chrono Boost)  
  22  1:58  Cybernetics Core  
  23  2:06  Probe (Chrono Boost)  
  24  2:15  Probe (Chrono Boost)  
  25  2:17  Probe (Chrono Boost)  
  26  2:25  Probe (Chrono Boost)  
  26  2:27  Probe (Chrono Boost)  
  28  2:34  Probe (Chrono Boost), Warp Gate  
  28  2:35  Adept (Chrono Boost)  
  31  2:38  Probe  
  31  2:39  Stargate  
  31  2:42  Pylon  
  32  2:44  Probe  
  32  2:50  Probe  
  34  2:56  Pylon, Probe (Chrono Boost)  
  35  3:01  Adept (Chrono Boost)  
  35  3:02  Probe (Chrono Boost)  
  38  3:07  Probe (Chrono Boost)  
  39  3:13  Probe (Chrono Boost)  
  39  3:17  Pylon, Probe (Chrono Boost)  
  41  3:22  Phoenix (Chrono Boost)  
  41  3:23  Probe (Chrono Boost)  
  44  3:29  Probe  
  45  3:35  Probe  
  45  3:40  Twilight Council, Probe  
  46  3:46  Assimilator  
  46  3:48  Assimilator, Mothership Core  
  51  3:50  Phoenix (Chrono Boost)  
  51  3:53  Probe  
  52  3:59  Pylon  
  52  4:03  Probe  
  52  4:09  Phoenix (Chrono Boost), Probe  
  54  4:14  Probe  
  57  4:19  Resonating Glaives (Chrono Boost)  
  57  4:23  Gateway  
  58  4:25  Gateway  
  58  4:26  Gateway  
  58  4:29  Phoenix  
  57  4:35  Gateway  
  57  4:37  Gateway  
  59  4:47  Gateway  
  59  4:49  Adept  
  59  4:51  Phoenix, Pylon  
  61  4:59  Probe  
  65  5:00  Probe  
  65  5:02  Pylon  
  65  5:05  Pylon  
  65  5:12  Adept  
  67  5:18  Phoenix  
  67  5:23  Adept  
  71  5:29  Pylon  
  71  5:34  Adept x4  
  79  5:43  Adept x2  
  79  5:44  Adept  
  85  5:56  Adept x3  
  91  5:58  Adept  
  87  6:04  Pylon  
  87  6:08  Adept x3  
  81  6:28  Adept x6  
  91  6:35  Adept  
  77  7:01  Adept x7  
  77  7:03  Phoenix  
  83  7:15  Pylon  
  83  7:18  Pylon  
  83  7:28  Phoenix  
  85  7:35  Adept x2  
  85  7:36  Adept x5  
  74  7:54  Adept x2  
  74  7:57  Adept x5  
  84  8:15  Adept x2  
  84  8:19  Adept x5  
  86  8:38  Adept x2  
  70  8:44  Adept x5  
  80  9:05  Adept x6  
  80  9:09  Adept  
Tags
 
Add a new tag
Caveats
  • Supply blocks, unpowered buildings, or Contaminate may cause inaccurate times.
  • Supply counts are checked every 10 seconds.